 Dungeon Crawl Stone Soup version 0.28.0-43-g3370ac3207 (webtiles) character file.

Game seed: 16903051650960473690

2859 Descartes the Grappler (level 9, -9/92 HPs)
             Began as a Troll Chaos Knight on Mar 17, 2022.
             Was a Plaything of Xom.
             Mangled by a skeletal warrior
             ... wielding a +0 trident
              (11 damage)
             ... on level 7 of the Dungeon.
             The game lasted 00:09:00 (5998 turns).

Descartes the Grappler (Troll Chaos Knight)         Turns: 5998, Time: 00:09:00

Health: -9/92      AC:  6    Str: 24    XL:     9   Next: 47%
Magic:  8/8        EV:  9    Int: 14    God:    Xom [..*...]
Gold:   490        SH:  0    Dex:  9    Spells: 8/8 levels left

rFire   + + .      SeeInvis .     - Unarmed
rCold   . . .      Faith    .   (no shield)
rNeg    . . .      Spirit   .   z - +2 robe {rF+}
rPois   .          Reflect  .   (helmet restricted)
rElec   .          Harm     .   (no cloak)
rCorr   .          Rampage  .   (gloves unavailable)
Will    .....                   (boots unavailable)
Stlth   +.........              (no amulet)
HPRegen 1.05/turn               (no ring)
MPRegen 0.11/turn               (no ring)

@: mighty, unable to read
A: large, unfitting armour, claws 3, regeneration 1, shaggy fur 1, tough skin 1,
horns 1, clever 1, fire resistance 1, screaming 1, strong 1, inability to read
while threatened, MP-powered wands
a: Renounce Religion


You were on level 7 of the Dungeon.
You worshipped Xom.
You were a toy of Xom.
You visited 2 branches of the dungeon, and saw 8 of its levels.

You collected 490 gold pieces.

Inventory:

Armour
 a - a +2 robe
 z - a +2 robe of fire resistance (worn)
Jewellery
 h - a ring of protection from cold
 w - a ring of positive energy
Wands
 m - a wand of polymorph (10)
 q - a wand of charming (4)
 u - a wand of flame (20)
Scrolls
 c - a scroll of identify
 e - 3 scrolls of teleportation {unknown}
 f - a scroll of enchant armour {unknown}
 i - 3 scrolls of magic mapping {unknown}
 j - a scroll of enchant weapon {unknown}
 k - a scroll of holy word {unknown}
 l - a scroll of vulnerability {unknown}
 n - 2 scrolls of noise {unknown}
 s - a scroll of blinking
 t - a scroll of amnesia
 y - a scroll of fear {unknown}
Potions
 b - 2 potions of haste
 d - a potion of lignification
 g - a potion of ambrosia
 o - a potion of resistance
 p - a potion of curing
 r - a potion of attraction
 v - a potion of mutation
 x - a potion of might
 A - a potion of heal wounds {unknown}


   Skills:
 + Level 6.4 Fighting
 - Level 1.9 Dodging
 + Level 8.7 Unarmed Combat
 + Level 5.5 Translocations


You had 8 spell levels left.
You didn't know any spells.
Your spell library contained the following spells:

 Spells                   Type           Power      Damage    Failure   Level
 Summon Ice Beast         Ice/Summ       0%         N/A       96%         4
 Summon Mana Viper        Hex/Summ       0%         N/A       100%        5
 Monstrous Menagerie      Summ           0%         N/A       100%        7


Dungeon Overview and Level Annotations

Branches:
Dungeon (7/15)             Temple (1/1) D:4

Altars:
Ashenzari
Cheibriados
Dithmenos
Elyvilon
Fedhas
Gozag
Kikubaaqudgha
Makhleb
Nemelex Xobeh
Okawaru
Qazlal
Ru
Sif Muna
Trog
Uskayaw
Vehumet
Wu Jian
Xom
Yredelemnul
Zin
The Shining One


Innate Abilities, Weirdness & Mutations

You are too large for most types of armour.
You have claws for hands.
Your natural rate of healing is unusually fast.
You are covered in fur. (AC +1)
You have tough skin. (AC +1)
You have a pair of small horns on your head.
Your mind is acute. (Int +2)
Your flesh is heat resistant. (rF+)
You occasionally shout uncontrollably at your foes.
Your muscles are strong. (Str +2)
You sometimes lose the ability to read scrolls when taking damage.
You expend magic power (3 MP) to strengthen your wands.


Message History

You scratch the endoplasm.
You kill the endoplasm!
The ogre hits you with a +0 giant club!!
You feel threatened and lose the ability to read scrolls!
You claw the ogre!
The ogre is moderately wounded.
You mangle the ogre!!
You kill the ogre!
Xom's power flows through you!
You see here a +0 giant club.
The skeletal warrior hits you from afar with a +0 trident!
You swap places.
Your rat bites the skeletal warrior but does no damage.
The skeletal warrior hits your rat with a +0 trident.
Your rat dies!
Your rat's corpse disappears in a puff of smoke!
There is a stone staircase leading up here.
You can read scrolls again.
The skeletal warrior hits you with a +0 trident.
You closely miss the skeletal warrior.
The skeletal warrior closely misses you.
You closely miss the skeletal warrior.
You headbutt the skeletal warrior, but do no damage.
The gnoll barely misses you.
You scratch the skeletal warrior but do no damage.
The skeletal warrior hits you with a +0 trident!!
You feel threatened and lose the ability to read scrolls!
* * * LOW HITPOINT WARNING * * *
The gnoll hits you from afar with a +0 vampiric spear.
* * * LOW HITPOINT WARNING * * *
Unknown command.
You scratch the skeletal warrior but do no damage.
The skeletal warrior hits you with a +0 trident!!
* * * LOW HITPOINT WARNING * * *
The gnoll closely misses you. Xom grants you a minor favour.
You feel very mighty all of a sudden.
The skeletal warrior hits you from afar with a +0 trident!
You die...
Xom chuckles heartily!

##############
#............#
#.####.#.###.#
#.#
##.#..##.#######
#.#
#....#.....)...#
#.#
#..#..##.#####.##
#.###..#.###.#
##...########
#..........@.#
#............
#####....z####
##...########
#####g# ##.## #5#
#.# ## #.# #.# #.
#.# ##'## #. #<#
##...## #. ##.#
##.....## #.
##..# ##.......##
#.


You could see a skeletal warrior.

Vanquished Creatures
  2 kobold demonologists (D:6)
  A rime drake (D:7)
  An orc warrior (D:6)
  An ice beast (D:6)
  2 ogres
  A black bear (D:6)
  A lemure (D:7)
  A phantom (D:5)
  A kobold brigand (D:6)
  2 bullfrogs (D:6)
  A wyvern zombie (D:4)
  7 wights (D:4)
  A howler monkey (D:4)
  A bullfrog zombie (D:6)
  2 hounds
  2 jellies (D:5)
  An orc priest (D:6)
  2 bullfrog skeletons (D:5)
  A gnoll shaman (D:7)
  A centaur skeleton (D:5)
  2 iguanas
  5 orc wizards
  A hound skeleton (D:4)
  A howler monkey skeleton (D:7)
  12 gnolls
  7 adders
  A white imp (D:7)
  3 shadow imps
  A worm (D:2)
  A dart slug (D:5)
  24 orcs
  7 ball pythons
  9 endoplasms
  2 giant cockroaches
  10 goblins
  6 hobgoblins
  8 jackals
  15 kobolds
  4 quokkas
  2 bats
  2 frilled lizards
  8 rats
163 creatures vanquished.

Vanquished Creatures (collateral kills)
  A scorpion (D:4)
  2 orc wizards (D:4)
  A gnoll (D:3)
  2 orcs (D:4)
6 creatures vanquished.

Vanquished Creatures (others)
  A wight (D:4)
  A fungus (D:1)
  A plant (D:1)
  4 toadstools (D:3)
7 creatures vanquished.

Grand Total: 176 creatures vanquished

Notes
Turn   | Place    | Note
-------+----------+-------------------------------------------
     0 | D:1      | Descartes the Troll Chaos Knight began the quest for the
                  | Orb.
     0 | D:1      | Reached XP level 1. HP: 22/22 MP: 0/0
    88 | D:1      | Reached XP level 2. HP: 29/29 MP: 1/1
   120 | D:1      | Found a faded altar of an unknown god.
   369 | D:1      | Reached skill level 4 in Unarmed Combat
   667 | D:1      | XOM: divination: detect items
   760 | D:2      | Reached XP level 3. HP: 36/36 MP: 2/2
   857 | D:2      | XOM: silly message
   897 | D:2      | XOM: silly message
   975 | D:2      | Found a glowing golden altar of the Shining One.
   980 | D:2      | XOM: silly message
  1197 | D:2      | XOM: summons 1 hostile demon
  1206 | D:2      | XOM: smoke on damage
  1376 | D:2      | Reached XP level 4. HP: 44/44 MP: 3/3
  1463 | D:2      | XOM: give mutations
  1463 | D:2      | Gained mutation: You sometimes lose the ability to read
                  | scrolls when taking damage. [Xom's mischief]
  1463 | D:2      | Gained mutation: You occasionally shout uncontrollably at
                  | your foes. [Xom's mischief]
  1463 | D:2      | Gained mutation: You have a pair of small horns on your
                  | head. [Xom's mischief]
  1606 | D:2      | XOM: polymorph ball python -> jackal
  1800 | D:3      | Reached skill level 1 in Translocations
  1908 | D:3      | XOM: cloud trail
  1928 | D:3      | XOM: god gift: scroll labelled YQOTEEZ AVIMP {god gift}
  1974 | D:3      | Found a bloodstained altar of Trog.
  1995 | D:3      | XOM is BORED!
  2076 | D:3      | XOM: give mutations
  2076 | D:3      | Gained mutation: You expend magic power (3 MP) to
                  | strengthen your wands. [Xom's grace]
  2076 | D:3      | Gained mutation: Your mind is acute. (Int +2) [Xom's grace]
  2076 | D:3      | Gained mutation: Your flesh is heat resistant. (rF+) [Xom's
                  | grace]
  2076 | D:3      | Gained mutation: Your muscles are strong. (Str +2) [Xom's
                  | grace]
  2184 | D:3      | Reached skill level 5 in Unarmed Combat
  2196 | D:3      | XOM: enchant monster (bad)
  2210 | D:3      | Reached XP level 5. HP: 22/50 MP: 4/4
  2395 | D:3      | XOM: scenery: summon butterflies
  2541 | D:4      | Found a staircase to the Ecumenical Temple.
  2550 | D:4      | XOM: potion effect (berserk rage)
  2551 | D:4      | XOM: cast spell 'Leda's Liquefaction'
  2553 | D:4      | Reached XP level 6. HP: 49/61 MP: 5/5
  2557 | D:4      | XOM: enchant monster (good)
  2570 | D:4      | Noticed an orc warrior
  2578 | D:4      | an orc warrior changed into a howler monkey
  2578 | D:4      | XOM: polymorph orc warrior -> howler monkey
  2585 | D:4      | XOM: cast spell 'Summon Horrible Things'
  2599 | D:4      | Reached skill level 6 in Unarmed Combat
  2599 | D:4      | Reached XP level 7. HP: 68/68 MP: 6/6
  2619 | Temple   | Entered the Ecumenical Temple
  2746 | D:4      | Found a basalt altar of Yredelemnul.
  2845 | D:4      | Found a white marble altar of Elyvilon.
  2909 | D:4      | XOM: enchant monster (good)
  2911 | D:4      | XOM: potion effect (brilliance)
  3061 | D:4      | XOM: enchant monster (good)
  3090 | D:4      | XOM: god gift: wand of charming (4)
  3791 | D:5      | Entered Level 5 of the Dungeon
  3926 | D:5      | XOM: 1-stop teleportation journey
  4028 | D:5      | Found a shadowy altar of Dithmenos.
  4036 | D:5      | XOM is BORED!
  4090 | D:5      | XOM: 1-stop teleportation journey
  4238 | D:5      | XOM: god gift: scroll labelled KIRULUE JAUCUS {god gift}
  4243 | D:5      | Reached XP level 8. HP: 79/79 MP: 7/7
  4421 | D:5      | Found a glowing golden altar of the Shining One.
  4694 | D:6      | Reached skill level 7 in Unarmed Combat
  4717 | D:6      | XOM: divination: detect items
  4725 | D:6      | XOM: summons friendly quasit
  4730 | D:6      | XOM: divination: detect items
  4790 | D:6      | Noticed a kobold demonologist
  4791 | D:6      | Noticed a kobold demonologist
  4805 | D:6      | Killed a kobold demonologist
  4806 | D:6      | Reached skill level 5 in Fighting
  4808 | D:6      | XOM: confusion
  4813 | D:6      | Killed a kobold demonologist
  4823 | D:6      | Reached skill level 8 in Unarmed Combat
  4823 | D:6      | Reached XP level 9. HP: 28/89 MP: 8/8
  4884 | D:6      | XOM: polymorph quasit -> crimson imp
  4909 | D:6      | Found a radiant altar of Vehumet.
  5103 | D:6      | Reached skill level 5 in Translocations
  5215 | D:6      | XOM: polymorph sky beast -> ogre
  5641 | D:7      | XOM: polymorph orc -> goblin
  5701 | D:7      | XOM: cloud trail
  5758 | D:7      | Noticed Pikel
  5758 | D:7      | XOM: fake destruction
  5766 | D:7      | XOM: god gift: puce potion {god gift}
  5769 | D:7      | XOM: potion effect (haste)
  5773 | D:7      | Noticed Pikel
  5773 | D:7      | Pikel changed into Pikel the rime drake
  5773 | D:7      | XOM: polymorph Pikel -> Pikel the rime drake
  5777 | D:7      | Killed Pikel the rime drake
  5931 | D:7      | XOM: destruction
  5938 | D:7      | Noticed a skeletal warrior
  5952 | D:7      | XOM: polymorph gnoll -> endoplasm
  5978 | D:7      | XOM: cast spell 'Summon Small Mammal'
  5997 | D:7      | HP: 1/92 [skeletal warrior/+0 trident (22)]
  5998 | D:7      | XOM: potion effect (might)
  5998 | D:7      | Mangled by a skeletal warrior

Illustrated notes

Levels and vault maps discovered:
D:1:      co_arrival_square_in_a_square_in_a_square, layout_basic, serial_glass,
          glass_columns_a, glass_columns_c, shapermc_ecumenical_altar_acropolis,
          minmay_pentomino_p2
D:2:      layout_loops_corners, basic_altar, wad_floor_pattern_untrapped,
          st_stairs_2, patterned_corridor
D:3:      layout_basic, trog_antimagical, minmay_gold_behind_fungi,
          hangedman_decor_riveting
D:4:      minmay_inner_zag, layout_layer_cave, kennysheep_ying_yang,
          minmay_temple_entry_glass
D:5:      layout_cave_pods, nicolae_dithmenos_through_a_glass_darkly,
          tso_oasis_becter
D:6:      layout_basic, lemuel_doored_altar
D:7:      kennysheep_big_flooded_room, layout_loops_corners,
          gammafunk_ghost_cemetery, uniq_pikel, uniq_maggie
Temple:   eino_wide_crystal_templ

Skill      XL: |  1  2  3  4  5  6  7  8  9 |
---------------+----------------------------+-----
Unarmed Combat | 4 5 6 8 |  8.7
Translocations | 1 2 3 4 5 |  5.5
Fighting       | 3 4 5 6 |  6.4
Dodging        | |  1.9

Action                   |  1- 3 |  4- 6 |  7- 9 || total
-------------------------+-------+-------+-------++-------
Melee: Unarmed           |   132 |   124 |   238 ||   494
       Punch             |     3 |     2 |     4 ||     9
       Headbutt          |       |    15 |    34 ||    49
  Use: Potion            |       |       |     3 ||     3
       Scroll            |       |       |     7 ||     7
 Stab: Sleeping          |     2 |       |       ||     2
       Petrified         |       |       |     2 ||     2
Armor: Robe              |    48 |    46 |    37 ||   131
       Skin              |       |       |    12 ||    12
Dodge: Dodged            |    48 |    42 |    76 ||   166
